 Dungeon Crawl Stone Soup version 0.28.0-49-g6dfe1f597d (webtiles) character file.

Game seed: 15856540184591646862

5912 Aphynety the Thaumaturge (level 10, -2/75 (80) HPs)
             Began as a Purple Draconian Fire Elementalist on May 17, 2022.
             Was a Priest of Cheibriados.
             Slain by a spectral orc knight
             ... wielding a +2 bardiche of distortion
             ... summoned by Nergalle
              (29 damage)
             ... on level 10 of the Dungeon on May 18, 2022.
             The game lasted 01:23:56 (13546 turns).

Aphynety the Thaumaturge (DrFE)                    Turns: 13546, Time: 01:23:56

HP:   -2/75 (80)    AC:  7    Str: 19    XL:     10   Next: 53%
MP:   12/22         EV: 14    Int: 27    God:    Cheibriados [***...]
Gold: 496           SH:  0    Dex: 20    Spells: 14/25 levels left

rFire   + . .      SeeInvis .   n - staff of poison
rCold   + + .      Faith    .   (no shield)
rNeg    . . .      Spirit   .   (armour unavailable)
rPois   +          Reflect  .   (helmet restricted)
rElec   .          Harm     .   g - scarf {rC+ rF+}
rCorr   .          Rampage  .   (no gloves)
Will    +....                   (no boots)
Stlth   +++.......              b - amulet of magic regeneration
HPRegen 0.22/turn               c - ring of protection from cold
MPRegen 0.58/turn               (no ring)

@: about to teleport, short of breath, drained, very slow
A: breathe power, AC +7, unfitting armour, cold-blooded
a: Breathe Dispelling Energy, Renounce Religion, Bend Time, Temporal Distortion


You were on level 10 of the Dungeon.
You worshipped Cheibriados.
Cheibriados was most pleased with you.
You visited 2 branches of the dungeon, and saw 11 of its levels.

You collected 496 gold pieces.

Inventory:

Hand Weapons
 q - a +0 whip of freezing
Armour
 g - a scarf of resistance (worn)
Magical Staves
 n - a staff of poison (weapon)
Jewellery
 b - an amulet of magic regeneration (around neck)
 c - a ring of protection from cold (left hand)
 E - a ring of protection from cold
Wands
 h - a wand of flame (7)
 t - a wand of iceblast (8)
 F - a wand of acid (6)
Scrolls
 a - a scroll of teleportation
 e - a scroll of brand weapon
 f - 2 scrolls of noise
 i - 2 scrolls of enchant weapon
 j - 2 scrolls of magic mapping
 k - a scroll of amnesia
 o - a scroll of acquirement {unknown}
 v - 2 scrolls of enchant armour {unknown}
 w - a scroll of fear
 y - a scroll of blinking {unknown}
 A - a scroll of fog {unknown}
 C - a scroll of holy word {unknown}
 D - a scroll of immolation {unknown}
Potions
 d - 2 potions of mutation
 l - 2 potions of ambrosia {unknown}
 m - a potion of magic {unknown}
 p - 2 potions of curing {unknown}
 r - a potion of might {unknown}
 s - 2 potions of lignification {unknown}
 u - a potion of degeneration {unknown}
 x - a potion of brilliance {unknown}
 z - a potion of flight {unknown}
 B - a potion of haste {unknown}


   Skills:
 + Level 4.4 Fighting
 - Level 4.0(4.7) Maces & Flails
 + Level 3.9(4.7) Staves
 - Level 4.0 Dodging
 - Level 4.0 Stealth
 - Level 8.0 Spellcasting
 - Level 7.0 Conjurations
 - Level 7.0 Fire Magic
 - Level 6.0 Invocations
 - Level 2.0 Evocations


You had 14 spell levels left.
You knew the following spells:

 Your Spells              Type           Power      Damage    Failure   Level
a - Foxfire               Conj/Fire      100%       2x1d9     1%          1
b - Inner Flame           Hex/Fire       29%        N/A       3%          3
c - Flame Wave            Conj/Fire      48%        2d10      3%          4
d - Stone Arrow           Conj/Erth      58%        3d10      3%          3

Your spell library contained the following spells:

 Spells                   Type           Power      Damage    Failure   Level
 Scorch                   Fire           96%        2d10      1%          2
 Conjure Flame            Conj/Fire      48%        6-21      1%          3
 Dazzling Flash           Conj/Hex       58%        N/A       3%          3
 Apportation              Tloc           20%        N/A       5%          1
 Summon Small Mammal      Summ           40%        N/A       5%          1
 Ignite Poison            Fire/Tmut/Pois 35%        N/A       6%          3
 Mephitic Cloud           Conj/Pois/Air  35%        N/A       6%          3
 Ensorcelled Hibernation  Hex/Ice        20%        N/A       8%          2
 Passwall                 Tmut/Erth      8%         N/A       8%          2
 Iskenderun's Mystic Bla  Conj/Tloc      29%        2d7       12%         4
 Call Canine Familiar     Summ           10%        N/A       16%         3
 Summon Guardian Golem    Hex/Summ       10%        N/A       16%         3
 Swiftness                Air            10%        N/A       16%         3
 Starburst                Conj/Fire      24%        6d8       41%         6
 Freezing Cloud           Conj/Ice/Air   11%        6-21      50%         5
 Alistair's Intoxication  Tmut/Pois      10%        N/A       82%         5
 Simulacrum               Ice/Necr       5%         N/A       100%        6
 Lehudib's Crystal Spear  Conj/Erth      14%        10d5      100%        8
 Polar Vortex             Ice            5%         N/A       100%        9
 Animate Armour           Summ/Erth      Unusable   N/A       N/A         4

Dungeon Overview and Level Annotations

Branches:
Dungeon (10/15)            Temple (1/1) D:5
   Lair: D:8-11         Orc: D:9-12

Altars:
Ashenzari
Cheibriados
Dithmenos
Elyvilon
Fedhas
Gozag
Hepliaklqana
Kikubaaqudgha
Makhleb
Nemelex Xobeh
Okawaru
Qazlal
Ru
Sif Muna
Trog
Uskayaw
Vehumet
Wu Jian
Xom
Yredelemnul
Zin
The Shining One

Annotations:
D:9 3 runed translucent doors, Sobaton's ghost, novice MiFi
D:10 Nergalle


Innate Abilities, Weirdness & Mutations

You can breathe bolts of dispelling energy.
Your rich purple scales are hard. (AC +7)
You cannot fit into any form of body armour.
You are cold-blooded and may be slowed by cold attacks.


Message History

The flow of time bends around you.
Cheibriados rebukes the spectral orc.
The spectral orc seems to slow down.
Cheibriados rebukes Nergalle.
Nergalle seems to slow down.
The spectral orc knight hits you from afar with a +0 glaive!
You feel drained. Nergalle hits you with a +0 dagger.
The spectral orc warrior closely misses you.
The spectral orc knight misses you.
Unknown command.
Casting: Foxfire (safe; 1% risk of failure)
Confirm with . or Enter, or press ? or * to list all spells.
Okay, then.
Unknown command.
Casting: Foxfire (safe; 1% risk of failure)
Confirm with . or Enter, or press ? or * to list all spells.
Okay, then.
Unknown command.
Casting: Foxfire (safe; 1% risk of failure)
Confirm with . or Enter, or press ? or * to list all spells.
Okay, then.
Unknown command.
Casting: Flame Wave (dangerous; 3% risk of failure)
Press: ? - help, Q - select action, (/) - cycle Dir - look around, f - activate A wave of flame ripples out!
The flame wave engulfs the spectral orc!
You destroy the spectral orc!
The spectral orc disappears in a puff of smoke!
The flame wave engulfs Nergalle!
Nergalle is heavily wounded. (Press . to intensify the flame waves.)
The spectral orc knight hits you from afar with a +0 glaive!!
The spectral orc knight closely misses you.
The spectral orc warrior misses you.
As you read the scroll of teleportation, it crumbles to dust.
You feel strangely unstable. The spectral orc knight misses you.
Nergalle shouts, "Kill, kill, my pretties!"
Nergalle closely misses you.
The spectral orc knight hits you from afar with a +2 bardiche of distortion!!
You die...

## #.# #.# #.# #.# #.# #.#
#.# #.# ##.# #.# #.# ##..#
#.# ##.####...# #.#
#..##.....# #.#
#.###ZZ##ยง....#
#########.# #.##.o###...8.+
.........^# #.#.@.# #.....#
########### #.Z.#.#
####...# #..##.# #...
#######.###.###############
#####
#................#.........
....#
#.#####.###.####>#..#######
###.# #.# #.#
#.......)........
#.###.#####.#
#####)##)########
#.#.........# #.##.#


You could see Nergalle (slow), a spectral orc warrior (summoned) and 2 spectral
orc knights.

Vanquished Creatures
  Pikel (D:5)
  Maggie (D:6)
  2 trolls
  A hornet (D:10)
  Prince Ribbit (D:6)
  A shadow (D:6)
  2 wyverns
  2 steam dragons
  2 vampire mosquitoes (D:10)
  3 orc warriors
  A black bear (D:6)
  A necrophage (D:6)
  3 ogres
  3 centaurs
  A kobold brigand (D:7)
  A phantom (D:7)
  2 lemures (D:5)
  2 bullfrogs
  Blork the orc (D:6)
  A wyvern zombie (D:5)
  2 scorpions
  A water moccasin zombie (D:5)
  3 wights (D:10)
  11 killer bees
  2 electric eels (D:7)
  2 howler monkeys
  3 centaur zombies
  A jelly (D:7)
  3 hounds
  3 orc priests
  A gnoll shaman (D:4)
  2 bullfrog skeletons
  Jessica (D:3)
  12 orc wizards
  4 iguanas
  A statue (D:4)
  A killer bee zombie (D:8)
  A howler monkey zombie (D:7)
  7 gnolls (D:4)
  4 adders
  A shadow imp (D:7)
  A white imp (D:6)
  An ufetubus (D:5)
  A worm (D:5)
  2 dart slugs
  32 orcs
  6 ball pythons
  3 endoplasms
  6 giant cockroaches
  10 goblins
  4 hobgoblins
  6 quokkas
  9 bats
  3 frilled lizards
  14 kobolds
  6 rats
  A foxfire (D:10)
203 creatures vanquished.

Vanquished Creatures (collateral kills)
  3 foxfires (D:5)
3 creatures vanquished.

Vanquished Creatures (others)
  A butterfly (D:5)
  1291 foxfires
  54 plants (D:7)
1346 creatures vanquished.

Grand Total: 1552 creatures vanquished

Notes
Turn   | Place    | Note
-------+----------+-------------------------------------------
     0 | D:1      | Aphynety the Draconian Fire Elementalist began the quest
                  | for the Orb.
     0 | D:1      | Reached XP level 1. HP: 14/14 MP: 3/3
   399 | D:1      | Reached XP level 2. HP: 20/20 MP: 1/5
  1318 | D:1      | Reached XP level 3. HP: 26/26 MP: 0/6
  1646 | D:2      | Found a faded altar of an unknown god.
  2244 | D:2      | Prayed at the altar of an unknown god.
  2244 | D:2      | Became a worshipper of Cheibriados the Contemplative
  2244 | D:2      | Reached * piety under Cheibriados
  2378 | D:3      | Reached XP level 4. HP: 33/33 MP: 7/7
  2954 | D:3      | Noticed Jessica
  2963 | D:3      | Killed Jessica
  3086 | D:4      | Found a shimmering altar of Xom.
  3169 | D:4      | Reached ** piety under Cheibriados
  3293 | D:4      | Reached XP level 5. HP: 27/38 MP: 9/9
  3403 | D:4      | Noticed an ogre
  3411 | D:4      | Killed an ogre
  3412 | D:4      | Reached skill level 3 in Spellcasting
  3412 | D:4      | Reached skill level 1 in Invocations
  3412 | D:4      | Reached XP level 6. HP: 45/45 MP: 5/10
  3490 | D:4      | Found a radiant altar of Vehumet.
  4190 | D:5      | Entered Level 5 of the Dungeon
  4215 | D:5      | Found a white marble altar of Elyvilon.
  4387 | D:5      | Found a staircase to the Ecumenical Temple.
  4394 | D:5      | Your scales start taking on a rich purple colour.
  4394 | D:5      | Reached skill level 4 in Spellcasting
  4394 | D:5      | Reached XP level 7. HP: 26/50 MP: 13/13
  4607 | D:5      | Learned a level 3 spell: Inner Flame
  5034 | D:5      | Reached skill level 5 in Spellcasting
  5497 | D:5      | Reached skill level 5 in Fire Magic
  5916 | D:5      | Found a glowing silver altar of Zin.
  6099 | D:5      | Learned a level 4 spell: Flame Wave
  6364 | D:5      | Reached XP level 8. HP: 38/57 MP: 16/16
  6531 | D:5      | Noticed Pikel
  6543 | D:5      | Killed Pikel
  6544 | D:5      | Reached skill level 1 in Evocations
  6680 | Temple   | Entered the Ecumenical Temple
  6896 | D:4      | Learned a level 3 spell: Stone Arrow
  6987 | D:6      | Noticed Prince Ribbit
  7002 | D:6      | Killed Prince Ribbit
  7003 | D:6      | Reached skill level 1 in Maces & Flails
  7003 | D:6      | Reached skill level 6 in Spellcasting
  7003 | D:6      | Reached skill level 5 in Conjurations
  7204 | D:6      | Noticed Blork the orc
  7209 | D:6      | Killed Blork the orc
  7241 | D:6      | Reached *** piety under Cheibriados
  7365 | D:6      | Noticed Maggie
  7376 | D:6      | Killed Maggie
  7377 | D:6      | Reached XP level 9. HP: 62/62 MP: 10/18
  8444 | D:7      | Noticed a troll
  8778 | D:6      | Killed a troll
  8779 | D:6      | Reached skill level 7 in Spellcasting
  8864 | D:6      | Reached skill level 5 in Invocations
  9712 | D:7      | Found a shimmering blue altar of Sif Muna.
 11111 | D:8      | Reached XP level 10. HP: 65/70 MP: 18/21
 11117 | D:8      | Reached **** piety under Cheibriados
 11119 | D:8      | Reached skill level 1 in Fighting
 11263 | D:9      | Reached skill level 1 in Staves
 11335 | D:9      | Found a burning altar of Makhleb.
 11616 | D:9      | Noticed a centaur warrior
 11617 | D:9      | Noticed Sobaton's ghost (novice MiFi)
 11624 | D:9      | Found a runed translucent gate.
 11624 | D:9      | Found a runed translucent gate.
 11626 | D:9      | Found a runed translucent gate.
 11689 | D:9      | Found a snail-covered altar of Cheibriados.
 12421 | D:10     | Entered Level 10 of the Dungeon
 12439 | D:10     | Reached skill level 8 in Spellcasting
 13524 | D:10     | Noticed Nergalle
 13546 | D:10     | Slain by a spectral orc knight

Illustrated notes

Levels and vault maps discovered:
D:1:      minmay_arrival_wavy_path, layout_basic, grunt_decor_junction
D:2:      layout_loops_ring, ebering_ecumenical_altar_mist
D:3:      layout_basic, uniq_jessica
D:4:      layout_cave_pools, vehumet_statue, mainiacjoe_overflow_24_doors,
          grunt_decor_mini_mirrors, minmay_vboxes
D:5:      layout_basic, mainiacjoe_overflow_alcove_2,
          nicolae_elyvilon_peaceful_grove, minmay_temple_entry_tees,
          chequers_serial_rivers_marsh, uniq_pikel
D:6:      cheibrodos_helix_gallery, layout_basic, uniq_prince_ribbit1,
          uniq_blork_the_orc, uniq_maggie
D:7:      layout_loops_cross, lemuel_blue_sif_altar, minmay_misc_feat_doors,
          serial_bayou_lagoon_a
D:8:      layout_basic
D:9:      layout_grid_maze, mainiacjoe_overflow_catch_the_wave,
          gammafunk_ghost_split
D:10:     layout_loops_ring, david_orc_1_choice, uniq_nergalle, uniq_maurice
Temple:   regret_index_temple_waves

Skill      XL: |  1  2  3  4  5  6  7  8  9 10 |
---------------+-------------------------------+-----
Stealth        | 2 3 4 |  4.0
Dodging        | 2 3 4 |  4.0
Conjurations   | 2 3 4 5 6 7 |  7.0
Spellcasting   | 3 4 5 6 7 8 |  8.0
Invocations    | 1 2 4 5 6 |  6.0
Fire Magic     | 4 5 6 7 |  7.0
Evocations     | 2 |  2.0
Maces & Flails | 2 4 |  4.0
Fighting       | 4 |  4.4
Staves         | 3 |  3.9

Action                   |  1- 3 |  4- 6 |  7- 9 | 10-12 || total
-------------------------+-------+-------+-------+-------++-------
Melee: Unarmed           |     2 |     7 |    14 |       ||    23
       Tailslap          |       |     2 |     1 |     1 ||     4
       Whip              |       |       |     2 |       ||     2
       Staff             |       |       |     1 |     7 ||     8
 Cast: Foxfire           |   132 |   178 |   392 |   158 ||   860
       Inner Flame       |       |       |     9 |     1 ||    10
       Stone Arrow       |       |       |     8 |    13 ||    21
       Flame Wave        |       |       |     1 |     3 ||     4
Invok: Bend Time         |       |     2 |     7 |     6 ||    15
       Temporal Distorti |       |       |     2 |       ||     2
       Slouch            |       |       |       |     2 ||     2
 Abil: Breathe Dispellin |       |       |    11 |     1 ||    12
Evoke: Wand              |       |       |     5 |       ||     5
  Use: Scroll            |       |     1 |    10 |     1 ||    12
Armor: Skin              |    11 |    13 |    47 |    13 ||    84
Dodge: Dodged            |    18 |    37 |   123 |    71 ||   249
